Map: World of Sleepers LE

Players

SpeCial - Winner!

  • Race: Terran Terran
  • Spawn Location: 1:00

Stephano

  • Race: Zerg Zerg
  • Spawn Location: 7:00

VOD

Have the link to the VOD?

Description

Time

  • Played on: Sept. 8, 2019, 9:58 a.m.
  • Length: 11:36
Show
View Real Time Build Order
Export as new Build Order

SpeCial Terran - Winner!

Build Orders: Reaper Expand 

Get SALT Encoding   

  12  0:00  SCV  
  13  0:12  SCV  
  14  0:18  Supply Depot  
  14  0:24  SCV  
  15  0:40  SCV  
  15  0:42  Barracks  
  16  0:44  Refinery  
  16  0:52  SCV  
  17  1:04  SCV  
  18  1:16  SCV  
  19  1:30  Orbital Command, Reaper  
  20  1:40  Command Center  
  20  1:54  Refinery  
  20  1:55  Supply Depot  
  20  1:56  SCV  
  21  2:02  Reaper  
  22  2:08  SCV  
  23  2:22  Factory  
  23  2:23  SCV  
  24  2:35  Barracks Reactor  
  24  2:36  SCV  
  25  2:48  SCV  
  26  2:53  Orbital Command  
  26  3:00  SCV  
  27  3:06  Starport  
  27  3:12  SCV  
  28  3:18  Hellion x2, Reaper  
  33  3:20  SCV  
  33  3:24  SCV  
  35  3:32  SCV  
  36  3:36  SCV, Supply Depot  
  36  3:40  Hellion x2  
  41  3:42  Viking  
  41  3:45  SCV  
  41  3:47  Fusion Core  
  44  3:49  SCV  
  44  3:55  Supply Depot  
  45  3:57  SCV  
  45  4:01  Hellion x2  
  50  4:03  SCV  
  50  4:09  SCV  
  52  4:13  Starport Tech Lab  
  52  4:15  SCV  
  53  4:17  Supply Depot  
  53  4:21  SCV  
  53  4:22  Hellion x2  
  58  4:27  SCV  
  59  4:34  SCV  
  60  4:39  SCV  
  60  4:45  Supply Depot  
  60  4:47  Hellion x2, Battlecruiser  
  70  5:01  Refinery  
  70  5:02  Refinery  
  70  5:05  SCV x2  
  64  5:15  Hellion x2  
  64  5:17  SCV x2  
  67  5:29  SCV x2  
  62  5:35  Command Center  
  62  5:36  Hellion x2  
  62  5:41  SCV  
  62  5:42  SCV  
  68  5:44  Factory  
  68  5:49  Armory  
  68  5:50  Factory  
  68  5:54  SCV  
  69  5:57  Hellion x2  
  69  5:58  SCV  
  74  6:07  SCV  
  73  6:12  SCV  
  74  6:19  Hellion x2  
  74  6:24  Weapon Refit  
  78  6:25  Supply Depot  
  78  6:33  Supply Depot  
  78  6:35  SCV x2, Battlecruiser  
  78  6:37  Supply Depot, Terran Vehicle Weapons Level 1  
  86  6:41  Factory Tech Lab  
  86  6:42  Factory Tech Lab  
  86  6:47  SCV x2, Hellion x2  
  89  6:59  SCV x2  
  86  7:02  Mag-Field Accelerator, Cyclone x2  
  88  7:11  SCV  
  85  7:17  Hellion x2  
  85  7:20  Refinery  
  85  7:21  SCV  
  85  7:22  Supply Depot  
  90  7:23  SCV, Orbital Command  
  90  7:24  Refinery  
  90  7:26  Infernal Pre-Igniter  
  91  7:33  SCV  
  91  7:34  Cyclone  
  91  7:35  Cyclone  
  98  7:38  Hellion x2  
  98  7:40  SCV  
  103  7:45  SCV  
  103  7:49  SCV  
  107  7:52  SCV  
  107  7:57  SCV  
  107  8:01  SCV  
  107  8:04  SCV  
  109  8:06  Supply Depot  
  109  8:08  Battlecruiser  
  109  8:09  SCV  
  109  8:12  Command Center  
  116  8:13  SCV  
  116  8:16  SCV  
  118  8:21  SCV  
  118  8:22  Hellion x2  
  118  8:23  Cyclone x2  
  118  8:25  SCV  
  130  8:28  Command Center  
  130  8:30  SCV  
  130  8:33  SCV  
  132  8:38  Supply Depot x2  
  132  8:39  Terran Vehicle Weapons Level 2  
  132  8:40  Supply Depot  
  132  8:41  Armory  
  132  8:45  Factory  
  132  8:46  Factory  
  132  8:55  Siege Tank  
  135  8:57  SCV x3  
  127  9:11  SCV x2  
  127  9:13  SCV  
  118  9:18  Siege Tank, Hellion x2  
  118  9:22  Engineering Bay  
  118  9:23  SCV x2  
  127  9:25  SCV, Supply Depot  
  127  9:28  Siege Tank  
  131  9:34  Battlecruiser  
  131  9:35  SCV x2  
  131  9:37  SCV  
  140  9:39  Hellion  
  140  9:40  Hellion  
  140  9:43  Unknown  
  144  9:47  Command Center  
  144  9:51  Siege Tank  
  147  9:55  Factory Tech Lab  
  147  9:56  Factory Reactor  
  144  10:00  Siege Tank  
  144  10:04  Supply Depot  
  144  10:06  Planetary Fortress  
  149  10:07  Hellion x2  
  149  10:09  Supply Depot  
  151  10:15  Command Center  
  151  10:16  Command Center  
  154  10:28  Siege Tank x2  
  154  10:32  Siege Tank  
  154  10:34  Hellion x2  
  164  10:35  Supply Depot  
  164  10:36  Supply Depot  
  170  10:57  Hellion x4  
  176  10:59  Supply Depot x2  
  176  11:00  Siege Tank, Planetary Fortress  
  176  11:01  Supply Depot, Engineering Bay  
  176  11:02  Supply Depot  
  182  11:11  SCV  
  182  11:12  Hellion  
  182  11:22  SCV  
Show
View Real Time Build Order
Export as new Build Order

Stephano Zerg 

Build Orders: Hatch First 

Get SALT Encoding   

  12  0:00  Drone  
  13  0:12  Overlord  
  13  0:16  Drone  
  14  0:30  Drone x2  
  16  0:48  Hatchery  
  15  0:50  Drone  
  15  0:53  Drone  
  17  0:57  Drone  
  18  1:08  Extractor  
  17  1:12  Spawning Pool  
  17  1:15  Drone  
  17  1:19  Drone  
  18  1:28  Drone  
  19  1:39  Drone  
  20  1:50  Drone  
  21  2:00  Queen x2  
  21  2:01  Zergling x4  
  27  2:10  Overlord  
  27  2:13  Drone  
  28  2:22  Unknown  
  27  2:25  Drone  
  27  2:29  Drone  
  29  2:33  Hatchery  
  29  2:34  Drone x2  
  30  2:43  Unknown  
  30  2:44  Drone x2  
  30  2:46  Queen  
  34  2:54  Queen  
  34  2:56  Metabolic Boost  
  36  3:03  Unknown  
  36  3:07  Roach Warren  
  36  3:08  Overlord  
  36  3:17  Overlord  
  37  3:27  Drone x2  
  37  3:28  Queen, Drone  
  37  3:29  Drone x2  
  44  3:38  Drone x3  
  47  3:43  Overlord  
  47  3:45  Drone x3  
  50  3:48  Queen  
  50  3:53  Zergling x4  
  54  4:02  Zergling x4  
  56  4:03  Drone x3  
  56  4:07  Drone x3  
  62  4:11  Queen  
  64  4:19  Evolution Chamber  
  64  4:22  Drone x3  
  64  4:23  Evolution Chamber  
  65  4:30  Overlord x2  
  65  4:35  Overlord  
  65  4:40  Spore Crawler  
  64  4:49  Zerg Ground Armor Level 1, Zerg Melee Weapons Level 1  
  64  4:51  Spore Crawler, Drone x8  
  71  4:59  Zergling x10  
  73  5:08  Evolution Chamber  
  73  5:12  Zergling x4, Evolution Chamber  
  73  5:13  Zergling x8  
  72  5:15  Evolution Chamber  
  69  5:26  Drone x3  
  71  5:30  Drone x3  
  71  5:34  Lair  
  73  5:42  Drone x3  
  76  5:43  Extractor  
  76  5:49  Hatchery  
  74  5:51  Drone x3  
  74  5:53  Extractor  
  74  5:54  Extractor  
  74  6:06  Drone x5  
  75  6:13  Queen  
  75  6:14  Queen  
  75  6:16  Drone x5  
  80  6:19  Drone  
  80  6:22  Baneling Nest  
  80  6:24  Roach Warren  
  79  6:25  Drone x2  
  79  6:30  Queen  
  79  6:32  Zergling x2  
  81  6:38  Spore Crawler, Zergling x2, Overlord  
  78  6:47  Zergling x8  
  78  6:49  Queen  
  78  6:53  Drone x6  
  80  6:58  Drone  
  80  7:00  Drone x2  
  83  7:07  Zerg Melee Weapons Level 2  
  81  7:13  Queen  
  81  7:15  Drone x4  
  87  7:18  Drone  
  87  7:19  Drone x2  
  90  7:25  Drone x4  
  90  7:27  Glial Reconstitution  
  90  7:29  Overlord x2  
  94  7:30  Overlord  
  94  7:33  Overlord  
  94  7:36  Unknown  
  92  7:44  Roach  
  92  7:46  Overlord  
  92  7:50  Overlord  
  93  7:52  Spore Crawler, Roach x7  
  93  7:56  Spore Crawler  
  104  8:02  Drone x7  
  111  8:05  Unknown  
  111  8:11  Extractor  
  111  8:12  Roach x5, Extractor  
  118  8:16  Overlord  
  118  8:19  Roach x3  
  120  8:27  Roach x4  
  120  8:31  Drone x4  
  120  8:33  Ravager x2  
  132  8:39  Spore Crawler, Drone x4  
  135  8:43  Drone x2  
  135  8:48  Roach x3  
  139  8:55  Roach  
  139  8:56  Roach x4  
  139  9:04  Roach x4  
  141  9:13  Roach x5  
  138  9:20  Roach x4  
  140  9:25  Infestation Pit  
  140  9:30  Zerg Missile Weapons Level 1  
  139  9:38  Zergling x22  
  139  9:42  Centrifical Hooks  
  150  9:58  Baneling  
  150  9:59  Baneling x6  
  146  10:04  Pathogen Glands  
  146  10:05  Spire  
  146  10:07  Drone x2  
  146  10:08  Drone  
  146  10:10  Overlord  
  146  10:12  Overlord  
  146  10:13  Hatchery  
  147  10:17  Drone x3  
  147  10:18  Drone  
  143  10:37  Spore Crawler  
  143  10:39  Spore Crawler, Zergling x30  
  152  10:44  Baneling x6  
  143  10:52  Ravager x6  
Tags
 
Add a new tag
Caveats
  • Supply blocks, unpowered buildings, or Contaminate may cause inaccurate times.
  • Supply counts are checked every 10 seconds.